[Event "*** Titled Tuesday Blitz"]
[Site "Chess.com"]
[Date "2018.01.02"]
[Round "4"]
[White "kleinebeer98"]
[Black "chito89"]
[Result "1-0"]
[WhiteElo "2529"]
[BlackElo "2587"]
[TimeControl "180+2"]
[EndTime "13:54:08 PST"]
[Termination "kleinebeer98 won on time"]

1. e4 g6 2. d4 Bg7 3. Nc3 d6 4. h4 Nf6 5. h5 Nxh5 6. g4 Nf6 7. g5 Nfd7 8. f4 c6 9. a4 c5 10. d5 Na6 11. Nf3 Nb4 12. a5 a6 13.
Qe2 b5 14. Bg2 Bb7 15. e5 Nxd5 16. Nxd5 Bxd5 17. exd6 Nf8 18. Be3 Ne6 19. Ne5 Bxg2 20.
d7+ Kf8 21. Qxg2 Bxe5 22. fxe5 Ra7 23. O-O-O Rxd7 24. Rdf1 Ng7 25. Bxc5 Rd5 26. Qf3 Nf5 27. Bb4 Qd7 28. Rd1 Nd4 29. Qe4 Kg7 30. Bc3 Rd8 31.
e6 Qxe6 32. Rxd4 Rxd4 33. Bxd4+ Kg8 34. Qh4 h5 35. gxh6 Kh7 36. Bc3 b4 37. Qxb4 Qe3+ 38. Kb1 Qf3 39. Re1 e6 40. Qe7 Rb8 41. Re3 Qf1+ 42.
Ka2 Qf5 43. Rd3 e5 44. Qxe5 Qxe5 45. Bxe5 Rb5 46. Bg7 Rxa5+ 47. Kb1 g5 48. Rd8 g4 49. Rh8+ Kg6 50. Bc3 f5 51. Bxa5 1-0

[Event "*** Titled Tuesday Blitz"]
[Site "Chess.com"]
[Date "2018.01.02"]
[Round "4"]
[White "Blitzstream"]
[Black "Tash_Boy"]
[Result "1-0"]
[WhiteElo "2495"]
[BlackElo "2514"]
[TimeControl "180+2"]
[EndTime "13:54:08 PST"]
[Termination "Blitzstream won by resignation"]

1. e4 e5 2. Nf3 Nc6 3. Nc3 Nf6 4. Nxe5 Nxe5 5. d4 Ng6 6. e5 Ng8 7. Qf3 Nh4 8. Qe4 Nh6 9. Bc4 Be7 10. g3 Ng6 11. h4 d5 12. Nxd5 Bf5 13. Qf3 c6 14. Nxe7 Nxe7 15. c3 Be6 16. Bxe6 fxe6 17. Bxh6 gxh6 18.
Qh5+ Kd7 19. Qxh6 Qf8 20. Qxf8 Raxf8 21. Ke2 h5 22. Rag1 Rhg8 23. Rg2 Nd5 24. Rgg1 Rf5 25. Rf1 c5 26. Rhg1 cxd4 27. cxd4 Rg4 28. f4 Rf8 29. Kf3 Rfg8 30. Kf2 Ne7 31. Rd1 Nd5 32. Rc1 b6 33. a3 a5 34. Rcd1 Kc6 35. Rc1+ Kb5 36. b3 Ne7 37. Rcd1 Rd8 38. Kf3 Nf5 39. d5 exd5 40.
Rg2 d4 41. Rd3 Kc6 42. Ke4 Ne3 43. Rg1 b5 44. Rxd4 Rxd4+ 45. Kxd4 Nf5+ 46. Ke4 Nxg3+ 47. Kf3 Nf5 48. Rxg4 hxg4+ 49. Kxg4 Ne3+ 50. Kg5 a4 51. bxa4 bxa4 52. h5 Nc4 53. h6 Nxa3 54. h7 Nc4 55.
h8=Q a3 56. e6 a2 57. Qa8+ Kd6 58. Qxa2 Ne3 59. f5 Nd5 60. Qxd5+ Kxd5 61. e7 1-0

[Event "*** Titled Tuesday Blitz"]
[Site "Chess.com"]
[Date "2018.01.02"]
[Round "4"]
[White "GGuseinov"]
[Black "VerdeNotte"]
[Result "1-0"]
[WhiteElo "2671"]
[BlackElo "2673"]
[TimeControl "180+2"]
[EndTime "13:54:09 PST"]
[Termination "GGuseinov won by resignation"]

1. e4 c5 2. Nc3 g6 3. d4 cxd4 4. Qxd4 Nf6 5. Nf3 Nc6 6. Qa4 d6 7. e5 dxe5 8. Nxe5 Qd4 9. Nxc6 Qxa4 10. Nxa4 bxc6 11. Be3 Bg7 12. O-O-O Nd5 13. Bd4 e5 14. Bc5 Be6 15. Ba6 Rb8 16. Rhe1 Nb4 17. Bxb4 Rxb4 18. Nc5 Ke7 19. c3 Rh4 20. h3 Rb8 21. b4 Bd5 22. f3 Rd8 23. a4 f5 24. a5 g5 25. Re2 g4 26. hxg4 fxg4 27. f4 Rh2 28. Rdd2 g3 29. Nd3 e4 30. c4 Bf7 31. Rxe4+ Kf8 32. Kc2 Bg6 33. f5 Bh6 34. fxg6 Bxd2 35. Kxd2 Rxg2+ 36. Ke3 Rh2 37. Rg4 g2 38. g7+ Kg8 39. c5 Rh3+ 40. Kd2 Rd4 41. Rxg2 Rf3 42. Kc3 Rh4 43. Bc4+ Rxc4+ 44. Kxc4 h5 45. Rh2 Rf5 46. b5 cxb5+ 47. Kxb5 Kxg7 48.
Ka6 Rd5 49. c6 Rxd3 50. Rxh5 Rc3 51. Kb7 Kg6 52. Rh1 Rb3+ 53. Kxa7 Rc3 54. Kb7 Rb3+ 55. Kc8 Kf6 56. c7 Ke6 57. a6 Ra3 58. a7 Kd6 59. Rd1+ Kc6 60. Kd8 1-0

[Event "*** Titled Tuesday Blitz"]
[Site "Chess.com"]
[Date "2018.01.02"]
[Round "4"]
[White "chessdjw"]
[Black "oskariot"]
[Result "0-1"]
[WhiteElo "2507"]
[BlackElo "2403"]
[TimeControl "180+2"]
[EndTime "13:54:15 PST"]
[Termination "oskariot won by resignation"]

1. Nf3 d5 2. g3 Bg4 3. Bg2 Nd7 4. O-O e6 5. h3 Bh5 6. d3 Ngf6 7. Nbd2 Be7 8. c3 O-O 9. Qc2 h6 10. a4 Bg6 11. a5 c5 12. a6 b5 13. e4 c4 14. Nh4 Bh7 15. Re1 Nc5 16. dxc4 bxc4 17. b4 Ncxe4 18. Nxe4 Nxe4 19. Nf3 Bf6 20. Nd4 Nxg3 21.
Qb2 Nf5 22. Nc6 Qc7 23. b5 Qb6 24. Bd2 Nd6 25. Ra5 Rfc8 26. Be3 Qc7 27. Qb4 Nxb5 28.
Rxb5 Qxc6 29. Ra1 Bxc3 30. Qxc3 Qxb5 31. Bd4 Qb3 32. Qe1 Be4 33. f3 Bf5 34. Qg3 Bg6 35. Qe5 f6 36. Qxe6+ Bf7 37. Qg4 Rc6 38. Re1 Re8 39. Rxe8+ Bxe8 40. f4 Bf7 41. Qd7 Qd1+ 42. Kh2 Qxd4 43. Qxc6 Qxf4+ 44. Kh1 Qc1+ 45. Kh2 Qf4+ 46.
Kh1 Qd4 47. Qc8+ Kh7 48. Qf5+ Bg6 49. Qd7 Be4 50. Bxe4+ Qxe4+ 51. Kh2 c3 52. Qxa7 c2 53. Qc7 Qe2+ 54. Kg3 Qe3+ 55. Kg4 c1=Q 56. Qxc1 Qxc1 57.
a7 Qa1 58. h4 Qxa7 59. Kh5 d4 60. Kg4 d3 61. Kh5 d2 62. Kg4 d1=Q+ 63. Kf5 Qg4+ 64. Kxg4 Kg6 65. h5+ Kf7 66. Kf5 Qb7 67. Kg4 Ke6 68.
Kf4 f5 69. Ke3 Kf6 70. Kf4 Qf7 71. Kg3 Qg8 72. Kf4 Qh8 73. Kg3 Kg5 74. Kh3 Kxh5 0-1

[Event "*** Titled Tuesday Blitz"]
[Site "Chess.com"]
[Date "2018.01.02"]
[Round "4"]
[White "Bryakin_Mikhail"]
[Black "SabinaFoisor"]
[Result "1/2-1/2"]
[WhiteElo "2522"]
[BlackElo "2325"]
[TimeControl "180+2"]
[EndTime "13:54:22 PST"]
[Termination "Game drawn - insufficient material"]

1. d4 d5 2. Nf3 Nf6 3. c4 e6 4. g3 dxc4 5. Bg2 Nc6 6. O-O Rb8 7. Bg5 Be7 8. Nbd2 Nxd4 9. Nxd4 Qxd4 10. Qc2 O-O 11. Nxc4 h6 12. Be3 Qg4 13. Bxa7 Ra8 14. Be3 Nd5 15. h3 Nxe3 16. Nxe3 Qb4 17. a3 Qb5 18. Qxc7 Bf6 19. Nc4 e5 20. Nd6 Qxb2 21. Bxb7 Bxb7 22. Qxb7 Qxe2 23. Ne4 Qh5 24. Nxf6+ gxf6 25. Kg2 Rfb8 26. Qe4 Qg6 27. Rfe1 Qxe4+ 28. Rxe4 Ra5 29. a4 Rba8 30. Rb4 Kg7 31. g4 Kg6 32. Kf3 h5 33. Ke4 hxg4 34. hxg4 Kg5 35. f3 R8a7 36.
Ke3 f5 37. Ra3 fxg4 38. Rxg4+ Kf5 39. Rb4 f6 40. Kd3 Rd7+ 41. Kc3 Rc5+ 42. Rc4 Rcd5 43. Ra1 Rd3+ 44. Kb4 Rb7+ 45. Kc5 Rxf3 46. Kc6 Rfb3 47. a5 Rb8 48. Kd7 R3b7+ 49. Rc7 e4 50. a6 Rxc7+ 51.
Kxc7 Re8 52. a7 e3 53. a8=Q Rxa8 54. Rxa8 Ke4 55. Re8+ Kd3 56. Rd8+ Ke4 57. Kc6 e2 58. Kc5 Ke3 59. Re8+ Kf2 60. Kd5 f5 61. Rxe2+ Kxe2 62. Ke5 f4 63. Kxf4 1/2-1/2

[Event "*** Titled Tuesday Blitz"]
[Site "Chess.com"]
[Date "2018.01.02"]
[Round "4"]
[White "severomorskij"]
[Black "Squirlolz"]
[Result "1-0"]
[WhiteElo "2656"]
[BlackElo "2476"]
[TimeControl "180+2"]
[EndTime "13:54:39 PST"]
[Termination "severomorskij won by resignation"]

1. d4 Nf6 2. c4 e6 3. Nf3 c5 4. d5 d6 5. Nc3 exd5 6. cxd5 g6 7. g3 Bg7 8. Bg2 O-O 9. O-O Nbd7 10. Bf4 Qe7 11. Re1 a6 12. a4 Rb8 13. a5 b5 14.
axb6 Nxb6 15. e4 Ng4 16. Bg5 Bf6 17. Bxf6 Qxf6 18. e5 Nxe5 19. Nxe5 dxe5 20. Ne4 Qd8 21. Nxc5 Nc4 22. b3 Nd6 23. Rxe5 Qb6 24. Rc1 Rd8 25. h4 h5 26. Qd4 Bf5 27. Ree1 a5 28. Qf6 Re8 29. Rxe8+ Rxe8 30. Kh2 Rc8 31. Qd4 Nb7 32. Ne6 Qxd4 33. Rxc8+ Kh7 34. Nxd4 Bxc8 35. Nc6 Kg7 36. Bf1 Kf6 37. Kg2 Nc5 38. Nxa5 Ke5 39. Bc4 Bf5 40. Nc6+ Kd6 41. f3 Bd3 42. Nd4 Bb1 43. Kf2 Ke5 44. Ke3 Ba2 45. f4+ Kd6 46. Nb5+ Kd7 47. Kd4 Nxb3+ 48. Kc3 Nc1 49. Bxa2 Nxa2+ 50. Kc4 Nc1 51. Nd4 Kd6 52. Nb5+ Kd7 53. Nc3 Kd6 54. Ne4+ Kd7 55. Kd4 Ne2+ 56. Ke5 Ke7 57. d6+ Ke8 58. Kf6 Nd4 59.
d7+ Kxd7 60. Kxf7 Ne2 61. Kxg6 Ke6 62. f5+ Ke5 63. f6 Kxe4 64. f7 Nxg3 65. f8=Q 1-0

[Event "*** Titled Tuesday Blitz"]
[Site "Chess.com"]
[Date "2018.01.02"]
[Round "4"]
[White "LawrenceTrent"]
[Black "SanQui14"]
[Result "1-0"]
[WhiteElo "2386"]
[BlackElo "2193"]
[TimeControl "180+2"]
[EndTime "13:54:50 PST"]
[Termination "LawrenceTrent won on time"]

1. d4 Nf6 2. Bg5 d5 3. Nd2 g6 4. Bxf6 exf6 5. e3 f5 6. g3 Nd7 7.
Bg2 Nf6 8. Ne2 Bg7 9. O-O O-O 10. c4 c6 11. Nc3 Ne4 12. cxd5 cxd5 13. Ndxe4 fxe4 14. Qb3 Be6 15. Rfc1 Qd7 16. Qb5 Qd6 17. Rc2 Rfc8 18. Rac1 Rab8 19. Qb3 a6 20. Na4 b5 21. Rxc8+ Rxc8 22. Rxc8+ Bxc8 23. Qc3 bxa4 24. Qxc8+ Bf8 25. Qb7 a3 26. bxa3 Qd8 27. Bf1 a5 28. Bb5 Bxa3 29.
Bc6 Bb4 30. Bxd5 Qf6 31. Bxe4 Be1 32. Bf3 h5 33. h4 Qd6 34. Kg2 Qa3 35. Bd5 Qf8 36.
a4 Kg7 37. Ba2 Bb4 38. e4 Qe8 39. e5 Bc3 40. Qd5 Bb4 41. Bb3 Bc3 42. Qc4 Bb4 43. Kf1 Qe7 44. Ke2 Ba3 45. Kd3 Bb4 46. Qc6 Ba3 47. Ke4 Bb2 48. Qc4 Ba1 49. Kd3 Bb2 50. Qb5 Ba3 51. Qxa5 Bb2 52. Qb5 Qd8 53. Qd5 Qe7 54. a5 Ba3 55. a6 Bb2 56. Qb7 Qd8 57. Qxf7+ Kh6 58. Qd5 Qa5 59. e6 Qc3+ 60. Ke4 Qe1+ 61.
Kf3 Qh1+ 62. Ke2 Qa1 63. e7 Bc3 64. Qg5+ Kh7 65. Kf3 Qh1+ 66. Ke3 Qe1+ 67. Kd3 1-0

[Event "*** Titled Tuesday Blitz"]
[Site "Chess.com"]
[Date "2018.01.02"]
[Round "4"]
[White "NewBornNow"]
[Black "Kimster98"]
[Result "1-0"]
[WhiteElo "2679"]
[BlackElo "2489"]
[TimeControl "180+2"]
[EndTime "13:54:57 PST"]
[Termination "NewBornNow won by resignation"]

1. e4 e5 2. Nf3 Nc6 3. Bc4 Bc5 4. O-O Nf6 5. d3 O-O 6. Nbd2 a6 7. h3 d6 8. a4 Be6 9. a5 Re8 10. c3 d5 11.
exd5 Bxd5 12. Qb3 b5 13. axb6 cxb6 14. Ne4 Bxc4 15. Qxc4 Nxe4 16. Qxe4 Qd6 17. b4 Nxb4 18. cxb4 Bxb4 19. Ng5 h6 20. Qh7+ Kf8 21. Nf3 Qg6 22. Qxg6 fxg6 23. Bb2 e4 24. Ne5 exd3 25. Nxd3 Bd6 26.
Rfd1 a5 27. Bd4 b5 28. Bc5 Red8 29. Rdb1 Bxc5 30. Nxc5 Rd5 31. Rxb5 Kg8 32. Rbxa5 Rc8 33. Ne4 Rd4 34. Ra8 Rxa8 35. Rxa8+ Kf7 36. f3 Rd1+ 37. Kf2 Rd5 38. Ra7+ Kg8 39. h4 Kf8 40. g4 Kg8 41. g5 hxg5 42. hxg5 Kf8 43. Ke3 Kg8 44. f4 Kf8 45. Rc7 Kg8 46. Nc5 Rd6 47. Ke4 Rd1 48. Ne6 Re1+ 49. Kd5 Rd1+ 50. Ke5 Re1+ 51. Kd6 Rd1+ 52.
Ke7 Re1 53. Rc8+ Kh7 54. Rc6 Re4 55. Kf7 Ra4 56. Nf8+ Kh8 57. Nxg6+ Kh7 58. Nf8+ Kh8 59. Kg6 Ra8 60. Ne6 Rg8 61. Rd6 Re8 62. Rd8 Rxd8 63. Nxd8 Kg8 64. Ne6 Kh8 65. f5 Kg8 66. f6 Kh8 67. Kf7 Kh7 68. g6+ 1-0

[Event "*** Titled Tuesday Blitz"]
[Site "Chess.com"]
[Date "2018.01.02"]
[Round "4"]
[White "Hanging_pointer"]
[Black "chesstatour"]
[Result "1-0"]
[WhiteElo "2235"]
[BlackElo "2036"]
[TimeControl "180+2"]
[EndTime "13:55:02 PST"]
[Termination "Hanging_pointer won by checkmate"]

1. e4 c6 2. d4 d5 3. e5 c5 4. dxc5 Nc6 5. Nf3 Bg4 6. Be3 e6 7.
Bb5 Qa5+ 8. Nc3 a6 9. Ba4 Bxc5 10. Bxc6+ bxc6 11. Bxc5 Qxc5 12. O-O Bxf3 13. Qxf3 Ne7 14. Na4 Qb5 15. Qa3 Rb8 16. c3 Rb7 17. Nc5 Ra7 18. b4 O-O 19. Nb3 Qc4 20. Rac1 Ng6 21. f4 Nxf4 22.
Nd2 Ne2+ 23. Kh1 Qh4 24. Nf3 Qh5 25. Rce1 Ng3+ 26. Kg1 Nxf1 27. Kxf1 Rc8 28. Qa5 Qg4 29. Qc5 Rac7 30. Nd4 Qf4+ 31. Nf3 h6 32. Kg1 Qc4 33.
Qxc4 dxc4 34. Rd1 Rb8 35. a3 c5 36. Rd6 cxb4 37. axb4 a5 38. bxa5 Ra8 39. a6 Rca7 40. Rc6 Rxa6 41. Rxc4 Ra2 42. h3 Rc2 43. Nd4 Ra1+ 44. Kh2 Rcc1 45. Rc8+ Kh7 46. Rc7 Rh1+ 47. Kg3 Kg6 48. Nf3 Rhc1 49. Nh4+ Kh7 50. Nf3 Ra3 51.
c4 Rac3 52. Rxf7 Rxc4 53. Re7 Rc6 54. Nd4 R6c3+ 55. Kh2 Rc4 56. Nxe6 Kg6 57. Nxg7 R4c2 58. Ne8 Re2 59. e6 Rcc2 60. Rg7+ Kf5 61. e7 Re3 62. Nd6+ Kf6 63. Rf7+ Kg6 64. Rf4 Ree2 65. Rg4+ Kh5 66. e8=Q+ Rxe8 67. Nxe8 Rc3 68. Ng7# 1-0

[Event "*** Titled Tuesday Blitz"]
[Site "Chess.com"]
[Date "2018.01.02"]
[Round "4"]
[White "asms9699"]
[Black "Kacparov"]
[Result "1-0"]
[WhiteElo "2482"]
[BlackElo "2657"]
[TimeControl "180+2"]
[EndTime "13:55:06 PST"]
[Termination "asms9699 won by resignation"]

1. c4 e6 2. g3 d5 3. Bg2 Nf6 4. Nf3 dxc4 5. O-O Nbd7 6. a4 a5 7. Na3 Nb6 8. Qc2 Bxa3 9. bxa3 O-O 10. Bb2 h6 11. Ne5 Bd7 12. Nxd7 Qxd7 13. Bxf6 gxf6 14. Bxb7 Rab8 15. Bf3 Qxa4 16. Qc3 Nd7 17. Rac1 Ne5 18.
Qe3 Kg7 19. Bh5 Rb3 20. Qc5 Qxa3 21. Qxc7 Rb5 22. f4 Nd3 23. exd3 Rxh5 24. dxc4 Qd3 25. Rf2 Qd4 26. h4 a4 27. c5 a3 28. Qa5 Qb2 29.
Qc3 Rb8 30. d4 Qb5 31. Qxa3 Rd5 32. Qc3 Rbd8 33. c6 Rxd4 34. c7 Rd1+ 35. Rxd1 Rxd1+ 36. Kh2 Qb7 37. Rg2 Qb1 38. g4 Rh1+ 39. Kg3 Rd1 40. c8=Q Rd3+ 41. Qxd3 Qxd3+ 42. Kh2 Qf3 43. Qc1 e5 44.
fxe5 fxe5 45. Qd2 e4 46. Qf2 Qd3 47. Qf4 e3 48. Qe5+ Kg8 49. g5 h5 50. g6 fxg6 51.
Qe6+ Kg7 52. Ra2 Qd4 53. Rc2 Qxh4+ 54. Kg2 Qf4 55. Re2 Qg5+ 56. Kf3 h4 57. Qxe3 Qg3+ 58. Ke4 Qg4+ 59. Kd3 Qf5+ 60. Qe4 Qb5+ 61. Qc4 Qf5+ 62. Kc3 h3 63. Qd4+ Kg8 64. Re8+ Kf7 65. Re2 Qa5+ 66.
Kd3 Qf5+ 67. Ke3 Qe6+ 68. Kf3 Qb3+ 69. Qe3 Qd5+ 70. Kg3 Qd7 71. Rf2+ Kg8 72. Qf4 Qd3+ 73. Kh2 Kh7 74. Qf7+ Kh6 75. Qf8+ Kg5 76. Qf4+ Kh5 77. Qf3+ Qxf3 78. Rxf3 Kg4 79. Rxh3 g5 1-0

[Event "*** Titled Tuesday Blitz"]
[Site "Chess.com"]
[Date "2018.01.02"]
[Round "4"]
[White "ChessicallyInclined"]
[Black "jposthuma"]
[Result "0-1"]
[WhiteElo "2213"]
[BlackElo "2342"]
[TimeControl "180+2"]
[EndTime "13:55:09 PST"]
[Termination "jposthuma won by resignation"]

1. d4 Nf6 2. c4 c5 3. d5 b5 4. cxb5 a6 5. f3 e6 6. e4 c4 7. Bxc4 axb5 8. Bxb5 Qa5+ 9. Nc3 Bb4 10. Qd3 Na6 11. Bd2 Nc5 12. Qc4 exd5 13. exd5 O-O 14. a3 Nb7 15. Ra2 Bxc3 16. Bxc3 Nd6 17. Bxa5 Nxc4 18.
Bxc4 Rxa5 19. b4 Ra7 20. Ne2 Bb7 21. Nc3 Rfa8 22. Nb5 Ra4 23. O-O Bxd5 24. Bxd5 Nxd5 25. Rd2 Ne3 26. Rc1 d5 27. Nc7 Rc8 28. Kf2 Rxa3 29.
b5 Rb3 30. b6 h5 31. Re1 Nc4 32. Rxd5 Nxb6 33. Rc5 Rb2+ 34. Kg3 Nd7 35. Rcc1 Nf6 36. Na6 h4+ 37. Kh3 Ra8 38. Nc7 Raa2 39. Rg1 Nh5 40.
Kxh4 Nf4 41. g4 Ne2 42. Rge1 Nxc1 43. Rxc1 Rxh2+ 44. Kg5 Ra5+ 45. Kf4 Rb2 46. Ne8 Rb8 47. Nd6 Rb4+ 48. Ne4 Ra3 49. Rf1 g6 50. Ke5 Kg7 51.
Kf4 Ra5 52. g5 Rf5+ 53. Ke3 Re5 54. Kf4 Rd5 55. Ke3 Ra4 56. Rf2 Rb5 57. Kf4 Rb3 58. Kg4 Kf8 59. Kf4 Ke7 60. Kg4 Ke6 61. Kf4 Kd5 62.
Rd2+ Kc6 63. Rc2+ Kb6 64. Rd2 Raa3 65. Rd6+ Kc7 66. Rf6 Rxf3+ 67. Ke5 Kd7 68. Rd6+ Ke7 69.
Rd5 Rf5+ 70. Kd4 Rxd5+ 71. Kxd5 Ra5+ 72. Kd4 Ke6 73. Ng3 Rxg5 74. Ne4 Rg4 0-1

[Event "*** Titled Tuesday Blitz"]
[Site "Chess.com"]
[Date "2018.01.02"]
[Round "4"]
[White "kikydu96"]
[Black "ViktorMatviishen"]
[Result "1/2-1/2"]
[WhiteElo "2437"]
[BlackElo "2252"]
[TimeControl "180+2"]
[EndTime "13:55:25 PST"]
[Termination "Game drawn - insufficient material"]

1. b3 e5 2. Bb2 Nc6 3. e3 Nf6 4. Bb5 Bd6 5. Na3 a6 6. Be2 Qe7 7. Nc4 Bc5 8. Nf3 e4 9. Nfe5 d5 10. Nxc6 bxc6 11. Ne5 Qd6 12. O-O O-O 13. d4 exd3 14.
Nxd3 Ba3 15. Qc1 Bxb2 16. Qxb2 Bf5 17. Qd4 Ne4 18. Rfd1 c5 19. Qb2 d4 20. exd4 cxd4 21. Bf3 Nc3 22. Bxa8 Nxd1 23. Rxd1 Rxa8 24. b4 Re8 25.
Nc5 Re2 26. Kf1 d3 27. Qb3 dxc2 28. Rxd6 cxd6 29. Qc3 Re8 30. Nb3 Rc8 31. Qd2 g6 32. f3 Rc4 33. g4 Be6 34. Ke2 d5 35. Nc1 d4 36. Nd3 Rc3 37. Ke1 Bc4 38. Nc1 Rxf3 39.
Qxd4 Rf1+ 40. Kd2 Rd1+ 41. Kc3 Rxd4 42. Kxd4 Be6 43. g5 h6 44. a4 hxg5 45. b5 axb5 46. axb5 Kg7 47. b6 Bc8 48. Kc3 Kf6 49. Kxc2 Ke5 50. Nb3 Kd5 51. Na5 Ke4 52. Nc6 Kf3 53.
Ne5+ Kg2 54. Nxf7 g4 55. Ne5 g3 56. hxg3 Kxg3 57. Nxg6 Kg4 58. Kc3 Kg5 59. Ne7 Bb7 60. Kc4 Kf6 61. Nd5+ Ke6 62. Nb4 Kd6 63. Kb5 Bg2 64.
Ka6 Kc5 65. Nd3+ Kd6 66. Nf4 Bh1 67. Kb5 Bf3 68. Nd3 Bh1 69. Nb2 Kd7 70. Nc4 Bg2 71. Kc5 Bh1 72. Ne5+ Kc8 73. Nc6 Kb7 74. Na5+ Ka6 75.
Nc6 Kb7 76. Nb4 Bg2 77. Nd5 Bxd5 78. Kxd5 Kxb6 1/2-1/2

[Event "*** Titled Tuesday Blitz"]
[Site "Chess.com"]
[Date "2018.01.02"]
[Round "4"]
[White "temiksmozg"]
[Black "OparinGrigoriy"]
[Result "0-1"]
[WhiteElo "2470"]
[BlackElo "2726"]
[TimeControl "180+2"]
[EndTime "13:55:58 PST"]
[Termination "OparinGrigoriy won by resignation"]

1. d4 Nf6 2. c4 e6 3. Nf3 b6 4. g3 Bb7 5. Bg2 Be7 6. O-O O-O 7. Nc3 Ne4 8. Bd2 Bf6 9. Rc1 Nxd2 10. Qxd2 d6 11. e4 Nd7 12. h4 e5 13. d5 a5 14. Bh3 Nc5 15. b3 Bc8 16. Kg2 Bxh3+ 17. Kxh3 Qd7+ 18. Kg2 Be7 19. Qe2 Rae8 20. Nd2 Kh8 21.
Rh1 g6 22. h5 Bg5 23. Rcd1 Bxd2 24. Qxd2 Qe7 25. Qh6 g5 26. g4 f6 27. f3 Nb7 28.
Ne2 Nd8 29. Ng3 Nf7 30. Qg6 Nd8 31. Qf5 Nb7 32. Qg6 Rg8 33. Nf5 Qf8 34. Qh6 Qxh6 35.
Nxh6 Rgf8 36. Nf5 Nc5 37. Kf2 Kg8 38. Ke3 Kf7 39. Rd2 Ra8 40. Rc1 Ra7 41. Rb2 Rfa8 42. a3 Ke8 43. Kd2 Kd7 44. Kc3 Rb7 45. Ra1 b5 46. cxb5 Rxb5 47. Kc4 Rab8 48. Rab1 Na4 49. Rc2 R5b7 50. Ne3 Nc5 51. Rcb2 Na4 52. Rc2 Rb6 53.
Nd1 c6 54. Ne3 R8b7 55. b4 c5 56. b5 Rb8 57. Kd3 Rxb5 58. Rxb5 Rxb5 59. Nc4 Nb6 60. Nd2 a4 61. Kc3 Kc7 62. Rb2 Rxb2 63. Kxb2 Kb7 64. Kc3 Ka6 65. Nf1 Kb5 66. Ne3 c4 67. Nf5 Kc5 68. Ng7 Nc8 69. Ne8 Na7 70. Nxf6 Nb5+ 71. Kb2 c3+ 72. Kc2 Kd4 73. Nd7 Nxa3+ 74. Kc1 Nc4 75. Nb8 a3 76. Nc6+ Ke3 77. Nb4 Kxf3 78. Kc2 Kxe4 79. Kxc3 Ne3 80. Kb3 Nxd5 81. Nc6 Nf6 82.
Nd8 Nxg4 83. Nf7 h6 84. Nxd6+ Kf3 85. Nf5 e4 0-1

[Event "*** Titled Tuesday Blitz"]
[Site "Chess.com"]
[Date "2018.01.02"]
[Round "4"]
[White "1stSecond"]
[Black "SergeiAza"]
[Result "1/2-1/2"]
[WhiteElo "2485"]
[BlackElo "2667"]
[TimeControl "180+2"]
[EndTime "13:56:10 PST"]
[Termination "Game drawn by stalemate"]

1. Nf3 Nf6 2. d4 e6 3. c4 d5 4.
g3 dxc4 5. Bg2 a6 6. Ne5 Bb4+ 7. Bd2 Qxd4 8. Bxb4 Qxe5 9. O-O Nc6 10. Bxc6+ bxc6 11. Na3 c5 12. Bc3 Qd5 13. Qa4+ Bd7 14. Qxc4 Bb5 15. Qxd5 exd5 16. Bxf6 gxf6 17. Rfc1 c4 18. b3 cxb3 19. Rxc7 O-O 20. axb3 Bxe2 21. Nc2 Rfc8 22. Rxc8+ Rxc8 23. Nd4 Bd3 24. Ra5 Bb5 25. Nxb5 Rc5 26. Rxa6 Rxb5 27. Rxf6 Rxb3 28. Rd6 Rb5 29. g4 Kg7 30. Kg2 h6 31.
Kg3 Rb3+ 32. f3 Rd3 33. h4 Rd1 34. h5 d4 35. Kf4 Rd3 36. Rd5 Kf8 37. Rd8+ Kg7 38.
Rd6 Kh7 39. Rf6 Kg7 40. Rf5 Re3 41.
Rd5 Rd3 42. Kg3 Rd2 43. Rd6 Rd3 44. Kf2 Kh7 45. Ke2 Re3+ 46. Kf2 Rd3 47. f4 Kg7 48. f5 Kh7 49. f6 Rd2+ 50. Kg3 Rd1 51. Rd7 Kg8 52. Rd8+ Kh7 53. Rf8 Rg1+ 54. Kh3 d3 55.
Rxf7+ Kg8 56. Rg7+ Kf8 57. Rd7 Rf1 58. Rxd3 Rxf6 59. Kg3 Ra6 60. Rd7 Kg8 61. Kf4 Ra5 62.
Re7 Rb5 63. Re5 Rb6 64. Kf5 Rb4 65. Re6 Kg7 66. Re7+ Kg8 67. Ra7 Rc4 68. Re7 Rb4 69.
Re4 Rb5+ 70. Kf6 Rg5 71. Rd4 Kh7 72. Kf7 Rg7+ 73. Kf6 Rg5 74. Re4 Kh8 75. Re8+ Kh7 76. Re7+ Kh8 77. Re4 Kh7 78. Rf4 Kh8 79. Ke6 Kh7 80.
Ke7 Kh8 81. Kf8 Kh7 82. Kf7 Kh8 83. Rf6 Rg7+ 84. Kf8 Kh7 85. Rf7 Kh8 86. Rxg7 1/2-1/2

[Event "*** Titled Tuesday Blitz"]
[Site "Chess.com"]
[Date "2018.01.02"]
[Round "4"]
[White "Robin-Side"]
[Black "plouarzel"]
[Result "1/2-1/2"]
[WhiteElo "2562"]
[BlackElo "2350"]
[TimeControl "180+2"]
[EndTime "13:57:45 PST"]
[Termination "Game drawn - insufficient material"]

1. d4 Nf6 2. Bg5 g6 3. Bxf6 exf6 4. h4 h5 5. e4 d5 6. exd5 Qxd5 7.
Nc3 Bb4 8. Ne2 Nc6 9. Qd2 Bg4 10. Nxd5 Bxd2+ 11. Kxd2 O-O-O 12. Nxf6 Nxd4 13. Nxd4 Rxd4+ 14. Kc3 c5 15. Nxg4 hxg4 16. Bc4 Rf4 17. Raf1 Kc7 18. f3 g3 19. h5 gxh5 20. Re1 h4 21. Re7+ Kd6 22.
Rxf7 Rxf7 23. Bxf7 h3 24. gxh3 g2 25. Rg1 Rxh3 26.
Rxg2 Rxf3+ 27. Kc4 Rxf7 28. Rg6+ Kc7 29. Kxc5 Rf5+ 30.
Kb4 Rf4+ 31. c4 Rf5 32. Rg7+ Kc6 33. Rg6+ Kc7 34. b3 Rh5 35. c5 Rh2 36. a3 Rh5 37. Kb5 Rf5 38. Rg7+ Kc8 39. b4 Rh5 40. a4 Kb8 41.
Rf7 Rh6 42. Rf8+ Kc7 43. Rf7+ Kb8 44. Ka5 Rg6 45. Rd7 Rh6 46. Rd6 Rh7 47. Kb5 Rh5 48. Rd7 Kc8 49. Rf7 Rh6 50. a5 Rg6 51. Re7 Rh6 52. Re3 Rg6 53. Rd3 a6+ 54. Kc4 Kc7 55. Rd4 Rg1 56. Re4 Rc1+ 57. Kd5 Rd1+ 58.
Ke5 Rd2 59. Rd4 Re2+ 60. Kd5 Rh2 61. Rg4 Rh7 62. Rg5 Rd7+ 63. Kc4 Rf7 64. Rg4 Re7 65. b5 axb5+ 66. Kxb5 Re1 67. Rg7+ Kb8 68. Rg8+ Kc7 69. Rg7+ Kb8 70. a6 Rb1+ 71. Kc4 bxa6 72. Kd5 Rh1 73.
Rg8+ Kc7 74. Rg7+ Kc8 75. Rg6 Kc7 76. Rxa6 Rh2 77. Ra7+ Kc8 78. Re7 Rh6 79. Rg7 Kd8 80. Kc4 Kc8 81. Kb5 Kb8 82. Rg8+ Kc7 83. Rg7+ Kc8 84.
Rg8+ Kc7 85. Rf8 Rg6 86. Rf7+ Kc8 87. Rf2 Kc7 88. Rd2 Rh6 89. Kc4 Kc6 90. Rd4 Rh5 91. Rd6+ Kc7 92. Kb5 Rh1 93. Rc6+ Kb7 94. Rb6+ Kc7 95.
Rc6+ Kb7 96. Rg6 Rb1+ 97. Kc4 Rc1+ 98. Kd5 Rd1+ 99. Kc4 Rc1+ 100. Kd4 Rd1+ 101. Ke4 Rc1 102. Rb6+ Kc7 103. Kd5 Rd1+ 104. Kc4 Rc1+ 105. Kb5 Rb1+ 106. Ka6 Ra1+ 107. Kb5 Rb1+ 108. Kc4 Rc1+ 109. Kd5 Rd1+ 110. Ke4 Re1+ 111. Kd3 Rc1 112. Rb5 Kc6 113. Ra5 Rxc5 114. Rxc5+ Kxc5 1/2-1/2

[Event "*** Titled Tuesday Blitz"]
[Site "Chess.com"]
[Date "2018.01.02"]
[Round "4"]
[White "GMKrikor"]
[Black "grzechu96"]
[Result "1/2-1/2"]
[WhiteElo "2659"]
[BlackElo "2458"]
[TimeControl "180+2"]
[EndTime "13:58:44 PST"]
[Termination "Game drawn by 50-move rule"]

1. e4 c5 2. Nf3 d6 3. d4 cxd4 4. Nxd4 Nf6 5. Nc3 a6 6. g3 e5 7. Nb3 Nbd7 8. a4 b6 9. Bg2 Bb7 10. O-O Be7 11. Nd5 Nxd5 12. exd5 O-O 13. Be3 Rc8 14. Qd3 f5 15. f4 e4 16. Qd2 Nf6 17.
Nd4 Qd7 18. Ne6 Rfe8 19. Bd4 Bxd5 20. Nxg7 Kxg7 21. Bxf6+ Bxf6 22. Qxd5 Rxc2 23. Bh3 Rc5 24. Qd1 d5 25. b4 Rc6 26. Qh5 Qf7 27. Qxf7+ Kxf7 28.
Rac1 Rxc1 29. Rxc1 Kg6 30. Rc6 h5 31. Rxb6 d4 32.
Rd6 d3 33. Rd5 e3 34. Bxf5+ Kf7 35. Rd7+ Kf8 36. Bxd3 e2 37. Bxe2 Rxe2 38. Rd6 Ke7 39.
Rxa6 h4 40. gxh4 Bxh4 41. b5 Bf6 42. Rc6 Re4 43. a5 Rxf4 44. a6 Rb4 45. Kf1 Bd4 46.
Rc7+ Kd6 47. a7 Ra4 48. Rc4 Ra1+ 49. Kg2 Bxa7 50. Rc6+ Kd5 51. Ra6 Rg1+ 52. Kf3 Bc5 53. Rh6 Rb1 54. Rh5+ Kd6 55. Rh6+ Ke7 56. Rh5 Rxb5 57.
h3 Rb3+ 58. Kg4 Bd6 59. Kf5 Kf7 60. Rh7+ Kg8 61. Rd7 Bf8 62. h4 Bg7 63. h5 Kh7 64. Kg5 Rb5+ 65. Kg4 Rc5 66. Rb7 Kg8 67. Rd7 Bf6 68.
Rb7 Rg5+ 69. Kf4 Rxh5 70. Ke4 Kf8 71. Rd7 Be7 72. Rb7 Kf7 73. Rb6 Bf6 74. Rc6 Re5+ 75. Kd3 Kg6 76. Rd6 Kf5 77. Kc4 Re3 78. Rd7 Ke4 79.
Rd6 Be5 80. Rc6 Re1 81. Rc5 Rb1 82. Rc6 Rd1 83. Rc5 Bd4 84. Rc6 Rc1+ 85. Kb5 Rb1+ 86. Kc4 Be5 87. Rc5 Rb6 88. Rb5 Ra6 89. Rc5 Ra4+ 90.
Kb5 Ra3 91. Kc4 Rc3+ 92. Kb5 Rh3 93. Kc4 Bd4 94. Rc6 Rh8 95. Re6+ Be5 96. Rc6 Rh7 97.
Rc5 Rh6 98. Rb5 Bd4 99. Rb3 Rc6+ 100. Kb5 Rc5+ 101. Kb4 Kd5 102. Rb1 Rc8 103. Kb3 Rc3+ 104. Kb4 Rd3 105. Kb5 Bc5 106. Rb2 Rd1 107. Rb3 Rd4 108. Rb2 Rd3 109. Rb1 Bd4 110. Rb4 Rg3 111. Rb1 Rg8 112. Rb3 Rc8 113. Kb4 Rb8+ 114. Ka4 Ra8+ 115. Kb5 Ra2 116. Rb4 Ra1 117. Rb3 Ra7 118. Rb4 Bc5 119. Rb3 Rb7+ 120. Ka4 Ra7+ 1/2-1/2

[Event "*** Titled Tuesday Blitz"]
[Site "Chess.com"]
[Date "2018.01.02"]
[Round "5"]
[White "hermionegrangermagic"]
[Black "ChristopherYoo"]
[Result "0-1"]
[WhiteElo "2421"]
[BlackElo "2305"]
[TimeControl "180+2"]
[EndTime "14:01:01 PST"]
[Termination "ChristopherYoo won by resignation"]

1. Nf3 Nf6 2. d4 g6 3. c4 Bg7 4. g3 O-O 5. Bg2 d5 6. O-O dxc4 7. Qc2 a6 8. Qxc4 b5 9. Qc2 Bb7 10. b3 Nbd7 11. Bb2 Rc8 12. Ne5 Bxg2 13. Kxg2 c5 14.
dxc5 Rxc5 15. Qd2 Nxe5 16. Qe3 Qd5+ 17. Kg1 Nfg4 0-1